 Dungeon Crawl Stone Soup version 0.25.1-2-g60ff931df9 (webtiles) character file.

Game seed: 3417474221242225219

2194 hawla the Cleaver (level 9, -7/79 HPs)
             Began as a Hill Orc Monk on Sept 28, 2020.
             Was a Priest of Beogh.
             Mangled by a two-headed ogre
             ... wielding a +0 giant club
              (8 damage)
             ... on level 7 of the Dungeon.
             The game lasted 00:18:00 (9689 turns).

hawla the Cleaver (Hill Orc Monk)                   Turns: 9689, Time: 00:18:02

Health: -7/79      AC: 11    Str: 14    XL:     9   Next: 34%
Magic:  9/9        EV:  9    Int: 10    God:    Beogh [***...]
Gold:   584        SH:  5    Dex: 14    Spells: 8/8 levels left

rFire    . . .     SeeInvis .   z - +4 quarterstaff (chaos)
rCold    . . .     Gourm    .   (shield currently unavailable)
rNeg     . . .     Faith    .   g - +0 chain mail (curse)
rPois    +         Spirit   .   (helmet restricted)
rElec    .         Reflect  +   D - scarf {+Inv}
rCorr    .         Harm     .   (no gloves)
MR       .....                  u - +0 pair of boots
Stlth    ..........             F - amulet of reflection
HPRegen  0.23/turn              o - ring of poison resistance
MPRegen  0.11/turn              (no ring)

@: no status effects
A: hooves 1, horns 1, weak 1
a: Smiting, Renounce Religion, Evoke Invisibility


You were on level 7 of the Dungeon.
You worshipped Beogh.
Beogh was most pleased with you.
You were not hungry.

You visited 1 branch of the dungeon, and saw 8 of its levels.

You collected 584 gold pieces.

Inventory:

Hand Weapons
 a - a +0 hand axe
 d - a +0 flail of protection
 m - a +0 scimitar of electrocution
 y - the +11 spear of the Scavenger {vorpal, MR++ Dex-5}
   (You found it on level 5 of the Dungeon)

   It inflicts extra damage upon your enemies.
   It affects your dexterity (-5).
   It affects your resistance to hostile enchantments.
 z - a +4 quarterstaff of chaos (weapon)
Missiles
 e - 6 silver boomerangs (quivered)
Armour
 g - a cursed +0 chain mail (worn)
 n - +0 swamp dragon scales
 r - a +0 helmet
 u - a +0 pair of boots (worn)
 D - a scarf of invisibility (worn)
 E - a +2 robe of fire resistance
Magical Staves
 w - an uncursed staff of poison {unknown}
 x - a cursed staff of death {unknown}
Jewellery
 o - a ring of poison resistance (left hand)
 F - an amulet of reflection (around neck)
Scrolls
 b - 3 scrolls of teleportation
 f - 4 scrolls of amnesia
 A - a scroll of fear
 B - a scroll of torment {unknown}
 C - a scroll of brand weapon {unknown}
Potions
 h - a potion of mutation
 i - a potion of berserk rage
 j - 3 potions of flight
 k - a potion of ambrosia
 p - 2 potions of brilliance
 s - a potion of cancellation
Comestibles
 c - 13 rations
 l - 2 chunks of flesh


   Skills:
 + Level 7.1 Fighting
 + Level 9.0(9.1) Axes
 + Level 1.2(4.8) Maces & Flails
 + Level 1.5 Throwing
 + Level 6.2 Armour
 + Level 5.8 Dodging
 - Level 1.5 Stealth
 + Level 0.2 Invocations
 + Level 0.3 Evocations


You had 8 spell levels left.
You didn't know any spells.
Your spell library contained the following spells:

 Spells                   Type           Power        Failure   Level  Hunger
 Animate Skeleton         Necr           N/A          100%        1    ##.....
 Pain                     Necr           #...         100%        1    ##.....
 Confusing Touch          Hex            #.......     100%        3    ####...
 Gell's Gravitas          Tloc           #.........   100%        3    ####...
 Vampiric Draining        Necr           #.........   100%        3    ####...
 Animate Dead             Necr           N/A          100%        4    #####..
 Petrify                  Tmut/Erth      #.......     100%        4    #####..
 Agony                    Necr           #.......     100%        5    ######.
 Metabolic Englaciation   Hex/Ice        #.........   100%        5    ######.
 Yara's Violent Unravell  Hex/Tmut       #.........   100%        5    ######.


Dungeon Overview and Level Annotations

Branches:
Dungeon (8/15)             Temple (0/1) D:4
   Lair: D:8-11

Altars:
Dithmenos
Fedhas
Hepliaklqana
Uskayaw
Xom
Yredelemnul


Innate Abilities, Weirdness & Mutations

You have large cloven feet.
You have a pair of small horns on your head.
You are weak. (Str -2)


Message History

The quasit barely misses you. You block the two-headed ogre's attack.
The two-headed ogre completely misses you.
You sock the two-headed ogre! You burn the two-headed ogre.
The two-headed ogre is heavily wounded.
The quasit bites you but does no damage.
The quasit claws you but does no damage.
The quasit misses you.
The two-headed ogre hits you with a +0 giant club.
* * * LOW HITPOINT WARNING * * *
The two-headed ogre barely misses you. The quasit barely misses you.
The quasit claws you but does no damage.
You block the quasit's attack.
You sock the two-headed ogre! You freeze the two-headed ogre.
You headbutt the two-headed ogre, but do no damage.
The two-headed ogre is severely wounded.
The quasit bites you but does no damage.
You block the quasit's attack.
The quasit claws you but does no damage.
The two-headed ogre hits you with a +0 giant club!
You die...

########### #..##..#..###
###...........#####
#.............##..##
#.......#####......#
#......##...)......#
####....#.#.##......
##.5O....#####.##....
#...@...## #.###...
#.<##....#####..##...
####.####.###......###.
#....#.#####...........
#......................
##.#...................
####################..........
#.................[.<.........
#..#...#...#...#...#..........


You could see a two-headed ogre and a quasit.

Vanquished Creatures
  Maggie (D:7)
  A spriggan (D:7)
  Menkaure (D:4)
  Edmund (D:5)
  2 ogres
  A necrophage (D:8)
  2 centaurs (D:5)
  4 bullfrogs
  2 scorpions (D:7)
  2 killer bees (D:7)
  A crimson imp (D:6)
  A centaur zombie (D:5)
  A hound (D:7)
  A jelly (D:7)
  A quasit (D:6)
  Crazy Yiuf (D:4)
  6 orc priests
  An iguana (D:4)
  An orc wizard (D:4)
  4 worker ants
  A hound skeleton (D:5)
  A worker ant zombie (D:5)
  3 adders
  A shadow imp (D:7)
  An ooze (D:1)
  An adder skeleton (D:5)
  A worm (D:4)
  2 dart slugs (D:1)
  7 leopard geckos
  7 orcs
  11 bats
  5 giant cockroaches
  7 goblins
  11 hobgoblins
  5 jackals
  5 kobolds
  3 quokkas
  3 frilled lizards (D:2)
  A quokka skeleton (D:3)
  5 rats
116 creatures vanquished.

Vanquished Creatures (others)
  A rat (D:3)
1 creature vanquished.

Grand Total: 117 creatures vanquished

Notes
Turn   | Place    | Note
-------+----------+-------------------------------------------
     0 | D:1      | hawla the Hill Orc Monk began the quest for the Orb.
     0 | D:1      | Reached XP level 1. HP: 19/19 MP: 1/1
   251 | D:1      | Reached XP level 2. HP: 23/27 MP: 2/2
   607 | D:1      | Reached XP level 3. HP: 28/33 MP: 3/3
  1941 | D:2      | Reached XP level 4. HP: 40/40 MP: 4/4
  1977 | D:2      | Reached skill level 5 in Axes
  2451 | D:3      | Became a worshipper of Beogh the Brigand
  2451 | D:3      | Reached * piety under Beogh
  2451 | D:3      | Reached ** piety under Beogh
  2824 | D:4      | Noticed Menkaure
  2827 | D:4      | Killed Menkaure
  2827 | D:4      | Reached skill level 6 in Axes
  2827 | D:4      | Reached skill level 1 in Armour
  2827 | D:4      | Reached XP level 5. HP: 25/47 MP: 5/5
  2832 | D:4      | Reached XP level 6. HP: 30/53 MP: 6/6
  3616 | D:4      | Found a staircase to the Ecumenical Temple.
  3865 | D:4      | Reached skill level 5 in Fighting
  4021 | D:4      | Found a hide-covered altar of Uskayaw.
  4061 | D:4      | Reached XP level 7. HP: 30/61 MP: 7/7
  4264 | D:4      | Found a blossoming altar of Fedhas.
  4507 | D:4      | Found a runed translucent door.
  4508 | D:4      | Noticed Crazy Yiuf
  4602 | D:5      | Entered Level 5 of the Dungeon
  4735 | D:5      | You fall into a shaft and drop 1 floor!
  4761 | D:6      | Reached skill level 7 in Axes
  4824 | D:6      | Found a shimmering altar of Xom.
  4824 | D:6      | Found a shimmering altar of Xom.
  4825 | D:6      | Found a shimmering altar of Xom.
  4825 | D:6      | Found a shimmering altar of Xom.
  4826 | D:6      | Found a shimmering altar of Xom.
  4853 | D:6      | Found a basalt altar of Yredelemnul.
  5276 | D:5      | Noticed Edmund
  5462 | D:5      | Reached XP level 8. HP: 37/70 MP: 8/8
  5683 | D:5      | Killed Edmund
  6172 | D:5      | Got a crude spear
  6173 | D:5      | Identified the +11 spear of the Scavenger {vorpal, MR++
                  | Dex-5} (You found it on level 5 of the Dungeon)
  6269 | D:4      | Killed Crazy Yiuf
  6269 | D:4      | Reached skill level 8 in Axes
  6977 | D:6      | Gained mutation: You are weak. (Str -2) [potion of
                  | mutation]
  6977 | D:6      | Gained mutation: You have large cloven feet. [potion of
                  | mutation]
  6977 | D:6      | Gained mutation: You have a pair of small horns on your
                  | head. [potion of mutation]
  6984 | D:6      | HP: 3/105 [orc priest (3)]
  6994 | D:6      | Reached skill level 1 in Throwing
  7044 | D:6      | Reached skill level 1 in Maces & Flails
  7317 | D:6      | Found a shadowy altar of Dithmenos.
  7664 | D:7      | Reached skill level 5 in Dodging
  8013 | D:7      | Reached skill level 5 in Armour
  8090 | D:7      | Noticed Maggie
  8132 | D:7      | Killed Maggie
  8132 | D:7      | Reached XP level 9. HP: 22/78 MP: 9/9
  8994 | D:7      | Found a hazy altar of Hepliaklqana.
  9536 | D:8      | Reached skill level 9 in Axes
  9538 | D:8      | Reached *** piety under Beogh
  9560 | D:8      | Noticed a two-headed ogre
  9686 | D:7      | HP: 3/79 [two-headed ogre/+0 giant club (20)]
  9688 | D:7      | HP: 1/79 [two-headed ogre/+0 giant club (3)]
  9689 | D:7      | Mangled by a two-headed ogre

Illustrated notes

Levels and vault maps discovered:
D:1:      onia_arrival_mini_maze, layout_basic
D:2:      layout_basic
D:3:      layout_rooms
D:4:      layout_loops_corners, eat_drink_and_be_merry_uskayaw, fedhas_altar_3,
          minmay_temple_entry_proselytizer, uniq_crazy_yiuf_cottage,
          uniq_menkaure
D:5:      layout_basic, first_ration, minivault_27, uniq_edmund
D:6:      layout_loops_cross, yredelemnul_altar_generic, xom_redecorated,
          nicolae_dithmenos_through_a_glass_darkly
D:7:      wad_crossroads, layout_cave_pools, lemuel_coloured_pillars_altar,
          the_bakery, supply_closet_lemuel, uniq_maggie
D:8:      layout_rooms

Skill      XL: |  1  2  3  4  5  6  7  8  9 |
---------------+----------------------------+-----
Fighting       | 4 5 6 7 |  7.1
Dodging        | 3 4 5 |  5.8
Axes           | 6 7 8 9 |  9.0
Armour         | 1 2 4 5 6 |  6.2
Throwing       | 1 |  1.5
Maces & Flails | 1 |  1.2
Stealth        | |  1.5
Invocations    | |  0.2
Evocations     | |  0.3

Action                   |  1- 3 |  4- 6 |  7- 9 || total
-------------------------+-------+-------+-------++-------
Melee: Hand axe          |   118 |   122 |   342 ||   582
       Headbutt          |       |       |    39 ||    39
       Flail             |       |       |    14 ||    14
       Quarterstaff      |       |       |     4 ||     4
Throw: Boomerang         |       |       |    17 ||    17
Invok: Convert to Beogh  |       |     1 |       ||     1
       Smiting           |       |     1 |     1 ||     2
Evoke: Wand              |       |     9 |       ||     9
  Use: Scroll            |     3 |     1 |     8 ||    12
       Potion            |       |       |    12 ||    12
 Stab: Sleeping          |     2 |     1 |       ||     3
       Invisible         |       |       |     9 ||     9
  Eat: Chunk             |     3 |     7 |     4 ||    14
       Ration            |       |       |     4 ||     4
Armor: Robe              |    28 |       |       ||    28
       Leather armour    |     7 |     1 |       ||     8
       Ring mail         |       |    19 |    58 ||    77
       Skin              |       |       |    35 ||    35
       Scale mail        |       |       |    37 ||    37
       Chain mail        |       |       |    62 ||    62
Dodge: Dodged            |    95 |    84 |   204 ||   383
Block: Other             |       |       |    27 ||    27
